Workbook

Sheet Costing
A1: Project name:
A3: Costing prepared by:
A7: Staff | B7: Post | C7: Name (if known) | E7: Day rate | F7: Overhead % as decimal | G7: Charge day rate | I7: No. days | K7: Total
B8: Project Officer | E8: =Rates!L6 -> 193.90909 | F8: 0.8 | G8: =E8+ (F8*E8) -> 349.03636 | I8: 10 | K8: =G8*I8 -> 3490.3636
B9: Excavator | C9: 1 | E9: =Rates!L4 -> 129.47727 | F9: 0.8 | G9: =E9+ (F9*E9) -> 233.05909 | I9: 8 | K9: =G9*I9 -> 1864.4727
B10: Excavator | C10: 2 | E10: =Rates!L4 -> 129.47727 | F10: 0.8 | G10: =E10+ (F10*E10) -> 233.05909 | I10: 8 | K10: =G10*I10 -> 1864.4727
B11: Excavator | C11: 3 | E11: =Rates!L4 -> 129.47727 | F11: 0.8 | G11: =E11+ (F11*E11) -> 233.05909 | I11: 8 | K11: =G11*I11 -> 1864.4727
B12: Excavator | C12: 4 | E12: =Rates!L4 -> 129.47727 | F12: 0.8 | G12: =E12+ (F12*E12) -> 233.05909 | I12: 8 | K12: =G12*I12 -> 1864.4727
B13: Excavator | C13: 5 | E13: =Rates!L3 -> 98.181818 | F13: 0.8 | G13: =E13+ (F13*E13) -> 176.72727 | I13: 8 | K13: =G13*I13 -> 1413.8182
B14: Finds assistant | E14: =Rates!L7 -> 129.47727 | F14: 0.8 | G14: =E14+ (F14*E14) -> 233.05909 | I14: 8 | K14: =G14*I14 -> 1864.4727
G15: =E15+ (F15*E15) -> 0 | K15: =G15*I15 -> 0
A16: TOTAL STAFF | I16: =SUM(I8:I15) -> 58 | K16: =SUM(K8:K15) -> 14226.545
A18: Non staff | B18: Item | E18: Rate (including VAT charged) | I18: No. | K18: Total
B19: Transport (per week) | E19: =Rates!F23 -> 200 | I19: 2 | K19: =E19*I19 -> 400
B20: Plant | E20: =Rates!F16 -> 300 | I20: 3 | K20: =E20*I20 -> 900
B21: Site accommodation | E21: =Rates!F25 -> 100 | I21: 1 | K21: =E21*I21 -> 100
B22: Portaloos | E22: =Rates!F26 -> 50 | I22: 2 | K22: =E22*I22 -> 100
K23: =E23*I23 -> 0
K24: =E24*I24 -> 0
A25: TOTAL NON STAFF | K25: =SUM(K19:K24) -> 1500
M27: VAT | O27: TOTAL including VAT
A28: TOTAL COST | K28: =SUM(K16+K25) -> 15726.545 | M28: =K28*0.2 -> 3145.3091 | O28: =SUM(K28:M28) -> 18871.855

Sheet Rates
F2: Annual salary | G2: Employer oncosts | I2: Annual including oncosts | L2: Day rate inc oncosts (220 days/year)
C3: Trainee | F3: 16000 | G3: =F3*0.35 -> 5600 | I3: =F3+G3 -> 21600 | L3: =I3/220 -> 98.181818
C4: Excavator (PCIFA) | F4: 21100 | G4: =F4*0.35 -> 7385 | I4: =F4+G4 -> 28485 | L4: =I4/220 -> 129.47727
C5: Senior Excavator (ACIFA) | F5: 24600 | G5: =F5*0.35 -> 8610 | I5: =F5+G5 -> 33210 | L5: =I5/220 -> 150.95455
C6: Project Officer (MCIFA) | F6: 31600 | G6: =F6*0.35 -> 11060 | I6: =F6+G6 -> 42660 | L6: =I6/220 -> 193.90909
C7: Finds assistant (PCIFA) | F7: 21100 | G7: =F7*0.35 -> 7385 | I7: =F7+G7 -> 28485 | L7: =I7/220 -> 129.47727
C8: Finds officer (MCIFA) | F8: 31600 | G8: =F8*0.35 -> 11060 | I8: =F8+G8 -> 42660 | L8: =I8/220 -> 193.90909
C9: Outreach officer (PCIFA) | F9: 21100 | G9: =F9*0.35 -> 7385 | I9: =F9+G9 -> 28485 | L9: =I9/220 -> 129.47727
C10: Environmental Advisor (freelance) | L10: 500
C11: Project Manager | F11: 35000 | G11: =F11*0.35 -> 12250 | I11: =F11+G11 -> 47250 | L11: =I11/220 -> 214.77273
C15: Plant hire | F15: Rate
C16: JCB | F16: 300
C17: Hymac | F17: 400
C18: Crane | F18: 1200
C19: Cherrypicker | F19: 600
C21: Transport
C22: Staff's own vehicle | F22: 100
C23: Hire van | F23: 200
C25: Site accommodation | F25: 100
C26: Portaloo | F26: 50
